 Dungeon Crawl Stone Soup version 0.31-a0-889-g1a8549509d (webtiles) character file.

Game seed: 14378417196265587018

294 Kuronicle the Changeling (level 5, 0/41 HPs)
             Began as a Demigod Shapeshifter on Oct 16, 2023.
             Killed by divine providence
             ... invoked by an orc priest
              (10 damage)
             ... on level 4 of the Dungeon.
             The game lasted 00:09:24 (3175 turns).

Kuronicle the Changeling (Demigod Shapeshifter)     Turns: 3175, Time: 00:09:24

Health: 0/41       AC: 12    Str: 18    XL:     5   Next: 85%
Magic:  7/7        EV:  9    Int: 12    God:
Gold:   203        SH:  9    Dex: 19    Spells: 4/4 levels left

rFire   . . .        s - +4 dagger "Kyrph" {flame, Fragile Str+3 Dex+2}
rCold   . . .        a - +0 kite shield
rNeg    . . .        n - +2 plate armour
rPois   .            (helmet currently unavailable)
rElec   .            (cloak currently unavailable)
rCorr   .            (gloves currently unavailable)
SInv    .            (boots currently unavailable)
Will    .....        (no amulet) Stlth
                     w - +5 ring of evasion
HPRegen 0.26/turn    (no ring)
MPRegen 0.10/turn

%: no passive effects
@: beast-form
A: beast (slay +2), high MP 1, forlorn, divine attributes
a: Begin Untransformation


You were on level 4 of the Dungeon.
You were a hulking beast.
You visited 1 branch of the dungeon, and saw 4 of its levels.

You collected 203 gold pieces.

Inventory:

Hand Weapons
 s - the +4 dagger "Kyrph" (weapon) {flame, Fragile Str+3 Dex+2}
   (You found it on level 3 of the Dungeon)

   Str+3:     It affects your strength (+3).
   Dex+2:     It affects your dexterity (+2).
   Fragile:   It will be destroyed if unequipped.
 y - a +0 falchion
Missiles
 r - a throwing net
Armour
 a - a +0 kite shield (worn)
 n - a +2 plate armour (worn)
Jewellery
 w - a +5 ring of evasion (left hand)
Talismans
 c - a beast talisman (active)
 d - a flux talisman
Scrolls
 e - a scroll of enchant weapon
 g - 2 scrolls of blinking
 l - a scroll of poison (quivered)
 q - a scroll of revelation {unknown}
 u - a scroll of teleportation {unknown}
 v - a scroll of identify
Potions
 b - 2 potions of lignification
 f - a potion of berserk rage {unknown}
 h - a potion of enlightenment {unknown}
 i - a potion of magic {unknown}
 k - a potion of heal wounds {unknown}
 o - a potion of attraction
 t - a potion of might {unknown}


   Skills:
 * Level 1.9 Fighting
 + Level 1.5 Short Blades
 * Level 1.4 Armour
 + Level 2.2 Dodging
 * Level 1.4 Stealth
 * Level 2.1 Shields
 + Level 3.1 Unarmed Combat
 * Level 3.6 Shapeshifting


You had 4 spell levels left.
You didn't know any spells.
Your spell library was empty.

Dungeon Overview and Level Annotations

Branches:
Dungeon (4/15)
 Temple: D:4-7


Innate Abilities, Weirdness & Mutations

You are a hulking beast.
Your limbs bulge with bestial killing power. (Slay +2)
You have an increased reservoir of magic. (+10% MP)
You shall have no god before yourself.
Your divine heritage dramatically boosts your attributes as you level up.


Message History

Pain shoots through your body!
* * * LOW HITPOINT WARNING * * *
You feel better. The orc closely misses you.
The air fills with toxic fumes!
As you read the scroll of poison, it crumbles to dust.
The orc completely misses you. The orc closely misses you.
You hit the orc. You burn the orc.
You kill the orc!
A magic dart appears from out of thin air!
The magic dart hits you but does no damage.
You block the orc's attack.
You hit the orc. You burn the orc.
You kill the orc!
You hit the orc priest. You burn the orc priest.
The orc priest is heavily wounded.
Something hits you but does no damage. The orc priest closely misses you.
You barely miss the orc priest.
The orc priest is heavily wounded.
You hear some strange, mumbled words.
A puff of flame appears from out of thin air!
You block the puff of flame.
The orc priest looks braver for a moment.
You closely miss the orc priest.
The orc priest is heavily wounded.
Something hits you but does no damage. You block the orc priest's attack.
You closely miss the orc priest.
The orc priest is heavily wounded.
You block the orc priest's attack. Something hits you.
* * * LOW HITPOINT WARNING * * *
Something hits you but does no damage. The orc priest closely misses you.
You barely miss the orc priest.
The orc priest is heavily wounded.
Something hits you but does no damage.
The orc priest hits you but does no damage.
You hit the orc priest. You burn the orc priest.
The orc priest is severely wounded.
Something hits you but does no damage.
The orc priest mumbles some strange prayers to Beogh against you.
Beogh smites you!
You die...

....##.....#.##.##.#)....###
..............#.#.).)#)#.#####
....####..#..##.##.##..#>....#
... #......###...)........# ..
..........#.............##
###.#####................. #.#
######.###........ ..#
####☼○#§○.#####. #.##
#h{.§§§○#......
#o#§○§#####....
###.☼.☼☼#.....##..
###..§☼§.§§○# # #
#...§§§§#.§○# .....######.○§.#
..... ..○.# ...## ..#... ...
#......


You could see an orc priest.

Vanquished Creatures
  A howler monkey (D:4)
  A hound (D:4)
  A sleepcap (D:4)
  3 orc wizards (D:4)
  3 adders
  A worm (D:2)
  4 dart slugs
  8 orcs (D:4)
  4 ball pythons
  7 bats
  6 endoplasms
  4 giant cockroaches
  7 goblins
  8 hobgoblins
  5 jackals
  3 quokkas
  3 frilled lizards
  4 kobolds
  5 rats
78 creatures vanquished.

Notes
Turn   | Place    | Note
-------+----------+-------------------------------------------
     0 | D:1      | Kuronicle the Demigod Shapeshifter began the quest for the
                  | Orb.
     0 | D:1      | Reached XP level 1. HP: 15/15 MP: 3/3
    82 | D:1      | Reached skill level 1 in Fighting
   213 | D:1      | Reached XP level 2. HP: 16/23 MP: 4/4
   732 | D:1      | Reached XP level 3. HP: 28/28 MP: 5/5
  1972 | D:3      | Reached XP level 4. HP: 29/35 MP: 6/6
  2653 | D:3      | Identified the +4 dagger "Kyrph" {flame, Fragile Str+3
                  | Dex+2}
  2942 | D:4      | Reached skill level 1 in Short Blades
  2946 | D:4      | Reached skill level 1 in Stealth
  2953 | D:4      | Reached skill level 1 in Shields
  2953 | D:4      | Reached XP level 5. HP: 24/40 MP: 7/7
  3028 | D:4      | Reached skill level 1 in Armour
  3056 | D:4      | Identified the +1 leather armour "Sikh" {*Corrode rF++
                  | Int-3 Slay+3}
  3175 | D:4      | Killed from afar by an orc priest

Illustrated notes

Levels and vault maps discovered:
D:1:      dpeg_arrival_fog, layout_loops_ring, kennysheep_pointless_box
D:2:      layout_rooms
D:3:      layout_rooms, trog_hazing_becter, serial_co_window_serial,
          co_window_corner_a, co_window_paths_a, co_window_paths_a,
          co_window_of_opportunity_a, co_window_paths_b, co_window_corner_b,
          co_window_cross_3, co_window_broadway_b, co_window_corner_b,
          co_window_corner_b, co_window_corner_ca, co_window_cross_3,
          co_window_4corner_a, glass_columns_a, glass_columns_c,
          glass_columns_b, glass_columns_a, glass_columns_b,
          shapermc_ecumenical_altar_mp_urbaneastern,
          hangedman_decor_clover_reticule
D:4:      layout_rooms, cheibriados_altar_1, serial_shops, shop,
          minmay_fractal_squares_gapless_5

Skill      XL: |  1  2  3  4  5 |
---------------+----------------+-----
Fighting       | 1 |  1.9
Shapeshifting  | 3 |  3.6
Dodging        | 2 |  2.2
Unarmed Combat | 3 |  3.1
Short Blades   | 1 |  1.5
Stealth        | 1 |  1.4
Shields        | 1 2 |  2.1
Armour         | 1 |  1.4

Action                     |  1- 3 |  4- 6 || total
---------------------------+-------+-------++-------
  Melee: Unarmed           |    80 |       ||    80
         Punch             |     2 |       ||     2
         Short sword       |    90 |    45 ||   135
         Dagger            |       |    84 ||    84
    Use: Scroll            |     7 |     3 ||    10
         Potion            |     1 |     2 ||     3
 Armour: Animal skin       |    56 |       ||    56
         Plate armour      |    63 |   143 ||   206
  Dodge: Dodged            |    52 |    39 ||    91
  Block: Kite shield       |    33 |    53 ||    86

Table legend: (Time is in decaauts)
 A = Elapsed time spent in this place.
 B = Non-inter-level travel time spent in this place.
 C = Inter-level travel time spent in this place.
 D = Time resting spent in this place.
 E = Time spent auto-exploring this place.
 F = Levels seen in this place.
 G = Mean time per level.
                   A        B        C        D        E       F      G
               +--------+--------+--------+--------+--------+-----+--------+
         Total |   3196 |   2904 |    292 |    174 |   1873 |   4 |  799.0 |
       Dungeon |   3196 |   2904 |    292 |    174 |   1873 |   4 |  799.0 |
               +--------+--------+--------+--------+--------+-----+--------+

Top non-repeatable levels by time:
     D:3: 1286 daAuts
     D:1: 986 daAuts
     D:2: 655 daAuts
     D:4: 267 daAuts
